 Dungeon Crawl Stone Soup version 0.17.0 (webtiles) character file.

75948 patrick the Fighter (level 15, -2/136 HPs)
             Began as a Grey Draconian Fighter on Nov 16, 2015.
             Was the Champion of Zin.
             Killed by divine providence
             ... invoked by an orc high priest
              (14 damage)
             ... on level 4 of the Orcish Mines.
             The game lasted 00:55:01 (26023 turns).

patrick the Fighter (Grey Draconian Fighter)       Turns: 26023, Time: 00:55:01

Health: -2/136     AC: 22    Str: 21    XL:     15   Next: 11%
Magic:  24/24      EV: 20    Int: 11    God:    Zin [******]
Gold:   2571       SH: 14    Dex: 12    Spells: 1 memorised, 13 levels left

rFire  . . .     SeeInvis .     a - +6 war axe (freeze)
rCold  . . .     Clarity  .     (armour unavailable)
rNeg   . . .     SustAt   .     g - +1 shield
rPois  .         Gourm    .     D - +1 hat
rElec  .         Spirit   .     o - +1 cloak
rCorr  .         Warding  .     q - +1 pair of gloves
rMut   +         Stasis   .     (no boots)
MR     +....                    H - amulet of resist mutation
Stlth  +.........               t - +3 ring of evasion
                                M - +3 ring of protection

@: about to teleport, very slightly contaminated, somewhat resistant to hostile
enchantments, very unstealthy
A: walk through water, unfitting armour, sense surroundings 1, unbreathing,
cold-blooded, AC +14
a: Recite, Vitalisation, Imprison, Sanctuary, Donate Gold, Cure All Mutations,
Renounce Religion


You were on level 4 of the Orcish Mines.
You worshipped Zin.
Zin was exalted by your worship.
You were not hungry.

You visited 4 branches of the dungeon, and saw 26 of its levels.
You also visited: Sewer.

You collected 2939 gold pieces.
You donated 368 gold pieces to Zin.

Inventory:

Hand Weapons
 a - a +6 war axe of freezing (weapon)
 b - the +3 trident of Naunlost {venom, -Tele rElec Str+8 Int+4}
   (You found it on level 4 of the Lair of Beasts)

   It poisons the flesh of those it strikes.
   It affects your strength (+8).
   It affects your intelligence (+4).
   It insulates you from electricity.
   It prevents most forms of teleportation.
 c - a +0 hand axe of flaming
 d - a +2 war axe of venom
Armour
 g - a +1 shield (worn)
 o - a +1 cloak (worn)
 q - a +1 pair of gloves (worn)
 D - a +1 hat (worn)
Jewellery
 s - a +3 ring of dexterity
 t - a +3 ring of evasion (right hand)
 y - an uncursed ring of positive energy
 z - an uncursed ring of invisibility
 E - an uncursed ring of poison resistance
 G - an uncursed ring of protection from cold
 H - an amulet of resist mutation (around neck)
 K - an uncursed amulet of stasis
 M - a +3 ring of protection (left hand)
Wands
 l - a wand of teleportation (6)
 v - a wand of teleportation (4)
 x - a wand of frost (26)
 I - a wand of cold (4)
 Q - a wand of paralysis (17)
Scrolls
 e - 8 scrolls of fog
 h - 10 scrolls of teleportation
 i - 4 scrolls of recharging
 k - a scroll of immolation
 r - 14 scrolls of remove curse
 N - 3 scrolls of amnesia
 O - 9 scrolls of fear
Potions
 j - 3 potions of brilliance
 n - 8 potions of flight
 F - 3 potions of cancellation
 R - 2 potions of magic
Books
 m - an Akashic Record

   Spells                             Type                      Level
   a - Dispersal                      Translocation                6
   b - Malign Gateway                 Summoning/Translocation      7
   c - Disjunction                    Translocation                8
   d - Controlled Blink               Translocation                8
 u - a book of Conjurations

   Spells                             Type                      Level
   a - Magic Dart                     Conjuration                  1
   b - Searing Ray                    Conjuration                  2
   c - Dazzling Spray                 Conjuration/Hexes            3
   d - Fulminant Prism                Conjuration/Hexes            4
   e - Iskenderun's Mystic Blast      Conjuration                  4
   f - Iskenderun's Battlesphere      Conjuration/Charms           5
 A - a book of Maledictions

   Spells                             Type                      Level
   a - Corona                         Hexes                        1
   b - Ensorcelled Hibernation        Hexes/Ice                    2
   c - Confuse                        Hexes                        3
   d - Tukima's Dance                 Hexes                        3
   e - Dazzling Spray                 Conjuration/Hexes            3
 U - a book of Power

   Spells                             Type                      Level
   a - Fulminant Prism                Conjuration/Hexes            4
   b - Iskenderun's Mystic Blast      Conjuration                  4
   c - Venom Bolt                     Conjuration/Poison           5
   d - Bolt of Magma                  Conjuration/Fire/Earth       5
   e - Iron Shot                      Conjuration/Earth            6
   f - Orb of Destruction             Conjuration                  7
   g - Spellforged Servitor           Conjuration/Summoning        7
Comestibles
 f - 12 meat rations
 w - 13 bread rations


   Skills:
 + Level 13.6 Fighting
 + Level 12.8 Axes
 + Level 11.5 Dodging
 + Level 12.7 Shields
 + Level 12.1 Invocations


You had 13 spell levels left.
You knew the following spells:

 Your Spells              Type           Power        Failure   Level  Hunger
a - Corona                Hex            #......      47%         1    ##.....


Dungeon Overview and Level Annotations

Branches:
Dungeon (13/15)            Temple (1/1) D:6            Lair (8/8) D:9
  Swamp (0/4) Lair:4       Spider (0/4) Lair:3        Slime (0/6) Lair:8
    Orc (4/4) D:11            Elf (0/3) Orc:3
 Vaults: D:13-14

Altars:
Ashenzari
Cheibriados
Dithmenos
Elyvilon
Fedhas
Gozag
Kikubaaqudgha
Makhleb
Nemelex Xobeh
Okawaru
Qazlal
Ru
Sif Muna
Trog
Vehumet
Xom
Yredelemnul
Zin
The Shining One
Beogh

Shops:
D:8 [}!   D:11 (   Orc:1 *   Orc:2 ((=%   Orc:4 [

Portals:
Trove: D:12 (give 6 potions of haste)


Innate Abilities, Weirdness & Mutations

You can walk through water.
Your dull iron-grey scales are very hard (AC +14).
Your body does not fit into most forms of armour.
You can survive without breathing.
You are cold-blooded and may be slowed by cold attacks.
You passively map a small area around you.


Message History

The orc high priest is almost dead.
You hit the sun demon but do no damage.
The sun demon is heavily wounded.
The sun demon hits you!!
* * * LOW HITPOINT WARNING * * *
You are engulfed in flames!
Zin protects you from harm! The red devil completely misses you.
Read which item? (? for menu, Esc to quit)
Blink to where?
Press: ? - help, Dir - move target cursor
As you read the scroll of blinking, it crumbles to dust.
Drink which item? (? for menu, Esc to quit)
You feel better.
Read which item? (? for menu, Esc to quit)
As you read the scroll of teleportation, it crumbles to dust.
You feel strangely unstable.
The orc high priest calls down the wrath of Beogh upon you.
Something smites you!
You die...

..............######## ##3##
.................#.#.###...##
....................###.o...##
...................###.......#
...................####4#.#.##
.....<..............##o..####
....................3....4.##
............................#
................@.......##.##
.......................##...#
..............###..#....##.##
.......................#####
......................##
......................#
.....................##
....................##
.....#...............##


You could see an orc high priest, a sun demon and a red devil.

Vanquished Creatures
  An orc warlord (Orc:2)
  Nessos (Lair:7)
  A deep troll shaman (Lair:8)
  The ghost of Ultraviolent4 the Nimble, a journeyman HEEE of Sif Muna (D:11)
  A catoblepas (Lair:8)
  3 hydras
  An orc high priest (Orc:2)
  11 death yaks
  The ghost of Ark the Unseen, a journeyman SpEn of Dithmenos (D:12)
  2 unseen horrors (D:12)
  5 hill giants
  2 lindwurms
  Pikel (D:7)
  An orb spider (Lair:3)
  5 orc sorcerers
  2 ugly things
  3 griffons (Lair:7)
  A manticore (D:12)
  5 orc knights
  An oklob plant (Lair:8)
  A centaur zombie (D:10)
  20 elephants
  An eye of devastation (Lair:8)
  A torpor snail (Lair:3)
  3 black mambas
  11 spiny frogs
  8 komodo dragons
  2 fire drakes (Lair:6)
  2 polar bears (Lair:8)
  3 trolls
  Grinder (D:4)
  9 slime creatures (D:12)
  A boulder beetle (Lair:8)
  3 two-headed ogres
  A shadow (D:12)
  6 blink frogs
  2 wyverns
  A spriggan (D:7)
  67 yaks
  A hungry ghost (D:12)
  A deep elf mage (D:12)
  11 hippogriffs
  2 basilisks
  21 wolves
  A warg (Orc:2)
  A soldier ant (D:12)
  A sky beast (D:5)
  An eye of draining (D:8)
  11 water moccasins
  2 ice beasts
  11 porcupines
  A necrophage (D:11)
  2 black bears
  A phantom (D:7)
  6 centaurs
  33 orc warriors
  13 crocodiles
  4 ogres
  23 giant frogs
  6 big kobolds
  A wyvern zombie (D:12)
  2 scorpions
  5 wights (D:9)
  5 crimson imps
  11 killer bees
  A giant frog zombie (D:7)
  7 hounds
  A quasit (D:10)
  39 orc priests
  3 electric eels
  33 orc wizards
  Crazy Yiuf (D:4)
  2 giant frog skeletons
  10 iguanas
  8 jellies (D:9)
  5 centaur skeletons
  10 worker ants
  A killer bee zombie (D:5)
  16 sheep
  A hound skeleton (D:6)
  A worker ant zombie (D:9)
  63 river rats
  7 gnolls
  15 adders
  A shadow imp (D:7)
  4 oozes
  An adder zombie (D:9)
  4 worms
  8 giant geckos
  167 orcs
  9 giant cockroaches
  5 hobgoblins
  14 jackals
  3 quokkas
  A ball python (Sewer)
  18 bats
  A giant gecko skeleton (D:4)
  10 giant newts
  13 goblins
  19 kobolds
  13 rats
  A butterfly (Lair:2)
  5 fungi
  2 plants (Lair:8)
892 creatures vanquished.

Vanquished Creatures (collateral kills)
  A spiny frog (Lair:8)
  A yak (Lair:8)
  2 plants (Lair:8)
4 creatures vanquished.

Vanquished Creatures (others)
  A jackal (D:10)
  21 fungi (Lair:8)
  16 plants (Lair:8)
38 creatures vanquished.

Grand Total: 934 creatures vanquished

Notes
Turn   | Place    | Note
--------------------------------------------------------------
     0 | D:1      | patrick the Draconian Fighter began the quest for the Orb.
     0 | D:1      | Reached XP level 1. HP: 19/19 MP: 1/1
   139 | D:1      | Reached XP level 2. HP: 21/26 MP: 2/2
   784 | D:2      | Reached XP level 3. HP: 31/31 MP: 3/3
  1432 | D:2      | Reached XP level 4. HP: 40/40 MP: 4/4
  1904 | D:3      | Reached skill level 4 in Fighting
  1904 | D:3      | Reached XP level 5. HP: 13/46 MP: 5/5
  1915 | D:3      | Gained mutation: You passively map a small area around you. [potion of beneficial mutation]
  2747 | D:4      | Reached XP level 6. HP: 49/53 MP: 6/6
  3236 | D:4      | Noticed a centaur
  3243 | D:4      | Killed a centaur
  3290 | D:4      | Your scales start taking on a dull iron-grey colour.
  3290 | D:4      | Gained mutation: You can survive without breathing. [Grey Draconian growth]
  3290 | D:4      | Reached XP level 7. HP: 45/60 MP: 7/7
  3295 | D:4      | Found a burning altar of Makhleb.
  3307 | D:4      | Reached skill level 5 in Fighting
  3387 | D:4      | Got a shimmering mace {flame}
  3388 | D:4      | Identified the cursed +0 mace of Biryix {flame, rElec rC+ Dex+4 Stlth-} (You took it off an orc on level 4 of the Dungeon)
  3526 | D:4      | Noticed an ogre
  3531 | D:4      | Killed an ogre
  3531 | D:4      | Reached skill level 5 in Shields
  3705 | D:4      | Noticed Grinder
  3718 | D:4      | Noticed Crazy Yiuf
  3725 | D:4      | Paralysed by Grinder for 4 turns
  3731 | D:4      | Paralysed by Grinder for 7 turns
  3992 | D:4      | Killed Crazy Yiuf
  4115 | D:4      | Paralysed by Grinder for 2 turns
  4161 | D:5      | Entered Level 5 of the Dungeon
  4369 | D:5      | Found a glowing drain.
  4505 | Sewer    | Entered a sewer
  4663 | Sewer    | Reached skill level 5 in Axes
  4856 | Sewer    | Reached skill level 5 in Dodging
  4856 | Sewer    | Reached XP level 8. HP: 66/70 MP: 8/8
  5150 | D:5      | Reached skill level 6 in Shields
  6152 | D:6      | Found a staircase to the Ecumenical Temple.
  6190 | Temple   | Entered the Ecumenical Temple
  6283 | Temple   | Became a worshipper of Zin the Law-Giver
  6283 | Temple   | Reached * piety under Zin
  6284 | Temple   | Donated 115 gold pieces to Zin
  6285 | Temple   | Donated 57 gold pieces to Zin
  6286 | Temple   | Donated 29 gold pieces to Zin
  6433 | D:6      | Reached skill level 1 in Invocations
  6532 | D:6      | Reached XP level 9. HP: 76/78 MP: 9/9
  6895 | D:7      | Reached skill level 7 in Shields
  6943 | D:7      | Found an ancient bone altar of Kikubaaqudgha.
  6965 | D:7      | Reached ** piety under Zin
  7310 | D:7      | Noticed Pikel
  7323 | D:7      | Killed Pikel
  7661 | D:8      | Found Huantup's Armour Shoppe.
  7897 | D:8      | Found Zaufaun's Distillery.
  7996 | D:8      | Reached *** piety under Zin
  8013 | D:8      | Found Jiv Xopt's Gadget Shop.
  8107 | D:8      | Reached XP level 10. HP: 88/88 MP: 0/13
  8405 | D:9      | Reached skill level 8 in Fighting
  8413 | D:9      | Reached skill level 5 in Invocations
  8466 | D:9      | Reached **** piety under Zin
  9313 | D:9      | Found a staircase to the Lair.
  9564 | D:4      | Paralysed by Grinder for 3 turns
  9571 | D:4      | Killed Grinder
 10129 | D:10     | Entered Level 10 of the Dungeon
 10565 | D:10     | Reached ***** piety under Zin
 10565 | D:10     | Reached skill level 9 in Fighting
 10565 | D:10     | Reached XP level 11. HP: 94/97 MP: 15/15
 10797 | D:11     | Noticed a hill giant
 10812 | D:11     | Noticed Ultraviolent4's ghost (journeyman HEEE)
 10813 | D:11     | Killed a hill giant
 11094 | D:11     | Found Juyxorr's Weapon Shoppe.
 11329 | D:11     | Noticed a hill giant
 11340 | D:11     | Killed a hill giant
 11592 | D:11     | Found a staircase to the Orcish Mines.
 11739 | D:11     | Noticed a hill giant
 12015 | D:11     | Killed a hill giant
 12037 | D:11     | Killed Ultraviolent4's ghost
 12764 | D:12     | Noticed a hill giant
 12799 | D:12     | Killed a hill giant
 13166 | D:12     | Killed an unseen horror
 13166 | D:12     | Reached skill level 10 in Fighting
 13336 | D:12     | Reached XP level 12. HP: 49/106 MP: 18/18
 13566 | D:12     | Found a portal to a secret trove of treasure.
 13735 | D:12     | Killed an unseen horror
 13735 | D:12     | Reached skill level 10 in Shields
 13774 | D:12     | Noticed Ark's ghost (journeyman SpEn)
 13998 | D:12     | Killed Ark's ghost
 14084 | D:12     | Reached skill level 10 in Axes
 14422 | Lair:1   | Entered Level 1 of the Lair of Beasts
 15363 | Lair:2   | Noticed a seven-headed hydra
 15385 | Lair:2   | Killed a one-headed hydra
 15980 | Lair:3   | Reached skill level 11 in Fighting
 16179 | Lair:3   | Found a hole to the Spider Nest.
 16372 | Lair:3   | Reached XP level 13. HP: 103/116 MP: 20/20
 17139 | Lair:4   | Found a staircase to the Swamp.
 17160 | Lair:4   | Reached skill level 10 in Invocations
 17221 | Lair:4   | Reached skill level 10 in Dodging
 17258 | Lair:4   | Got a crude trident
 17259 | Lair:4   | Identified the +3 trident of Naunlost {venom, -Tele rElec Str+8 Int+4} (You found it on level 4 of the Lair of Beasts)
 17312 | Lair:4   | Reached ****** piety under Zin
 17941 | Lair:4   | Got a pitted war axe
 17942 | Lair:4   | Identified the cursed +1 war axe "Mozisyji" {drain, -Tele rPois Str+4} (You found it on level 4 of the Lair of Beasts)
 18172 | Lair:5   | Reached skill level 12 in Fighting
 18310 | Lair:5   | Learned a level 1 spell: Corona
 19955 | Lair:6   | Reached XP level 14. HP: 127/127 MP: 22/22
 21118 | Lair:7   | Noticed Nessos
 21132 | Lair:7   | Killed Nessos
 21420 | Lair:8   | Entered Level 8 of the Lair of Beasts
 22084 | Lair:8   | Found a staircase to the Slime Pits.
 22310 | Lair:8   | Reached skill level 13 in Fighting
 23548 | Orc:1    | Entered Level 1 of the Orcish Mines
 23837 | Orc:1    | Found Ratoh's General Store.
 24148 | Orc:2    | Found Qivagh's Food Boutique.
 24176 | Orc:2    | Found Sussizit's Antique Weapon Shoppe.
 24177 | Orc:2    | Found Ycanis's Jewellery Shoppe.
 24507 | Orc:2    | Found Nera's Weapon Boutique.
 24517 | Orc:2    | Noticed an orc warlord
 24543 | Orc:2    | Killed an orc warlord
 24906 | Orc:2    | Found a roughly hewn altar of Beogh.
 25003 | Orc:2    | Reached XP level 15. HP: 136/136 MP: 24/24
 25189 | Orc:3    | Found a staircase to the Elven Halls.
 25532 | Orc:4    | Entered Level 4 of the Orcish Mines
 25963 | Orc:4    | Found Elatuz's Armour Emporium.
 26020 | Orc:4    | HP: 5/136 [sun demon[an orc high priest] (21)]
 26020 | Orc:4    | Zin protects you from harm!
 26023 | Orc:4    | Killed from afar by an orc high priest

Action                   |  1- 3 |  4- 6 |  7- 9 | 10-12 | 13-15 || total
-------------------------+-------+-------+-------+-------+-------++-------
Melee: War axe           |    87 |   236 |   533 |   770 |  1006 ||  2632
       Hand axe          |       |       |       |     9 |    16 ||    25
       Trident           |       |       |       |       |   146 ||   146
Invok: Donate Gold       |       |       |     3 |       |       ||     3
       Recite            |       |       |    12 |    28 |    19 ||    59
       Imprison          |       |       |       |     1 |       ||     1
Evoke: Wand              |       |       |       |    17 |     5 ||    22
  Use: Potion            |       |    10 |     8 |     7 |    14 ||    39
       Scroll            |       |     6 |    10 |    12 |    19 ||    47
 Stab: Sleeping          |     1 |     3 |     3 |     1 |     4 ||    12
       Distracted        |       |     1 |       |       |       ||     1
       Invisible         |       |       |       |     4 |    27 ||    31
       Confused          |       |       |       |    11 |    15 ||    26
       Paralysed         |       |       |       |       |    44 ||    44
  Eat: Chunk             |     2 |     6 |    11 |     7 |    19 ||    45
       Beef jerky        |       |       |     3 |     1 |     2 ||     6
       Fruit             |       |       |     2 |     2 |     5 ||     9
       Pizza             |       |       |     2 |       |     3 ||     5
       Meat ration       |       |       |       |     3 |       ||     3
       Royal jelly       |       |       |       |       |     1 ||     1
